 Dungeon Crawl Stone Soup version 0.30-a0-585-g93115170b9 (console) character file.

Game seed: 7672828213465170909

11089 jejorda2 the Impaler (level 11, -1/81 HPs)
             Began as a Merfolk Berserker on Jan 1, 2023.
             Was an Elder of Trog.
             Killed from afar by an electric eel (6 damage)
             ... with a bolt of electricity
             ... on level 11 of the Dungeon.
             The game lasted 00:23:57 (9460 turns).

jejorda2 the Impaler (Merfolk Berserker)            Turns: 9460, Time: 00:23:57

Health: -1/81      AC: 22    Str: 22    XL:     11   Next: 72%
Magic:  11/11      EV: 10    Int:  7    God:    Trog [****..]
Gold:   271        SH:  0    Dex: 13    Spells: 10/10 levels left

rFire   . . .      SeeInvis +    a - +0 glaive
rCold   . . .      Faith    .    (shield currently unavailable)
rNeg    . . .      Spirit   .    p - +0 plate armour
rPois   .          Reflect  .    C - +2 helmet
rElec   .          Harm     .    d - +2 cloak
rCorr   .          Rampage  .    E - +2 pair of gloves
Will    .....                    (boots currently unavailable) Stlth
                                 (no amulet)
HPRegen 0.33/turn                u - ring of see invisible
MPRegen 0.12/turn                (no ring)

@: on berserk cooldown, slowed, invisible, quick
A: nimble swimmer 2, mertail
a: Renounce Religion, Berserk, Trog's Hand, Brothers in Arms


You were on level 11 of the Dungeon.
You worshipped Trog.
Trog was greatly pleased with you.
You visited 1 branch of the dungeon, and saw 11 of its levels.

You collected 343 gold pieces.
You spent 72 gold pieces at shops.

Inventory:

Hand Weapons
 a - a +0 glaive (weapon)
 b - a +0 trident
 H - a +0 scythe
Missiles
 k - 70 poisoned darts
 l - 126 stones (quivered)
 t - a throwing net
 z - 5 boomerangs
 I - a boomerang of dispersal
 J - 11 curare-tipped darts
Armour
 d - a +2 cloak (worn)
 p - a +0 plate armour (worn)
 C - a +2 helmet (worn)
 E - a +2 pair of gloves (worn)
 F - a +1 ring mail of fire resistance
 G - a +0 pair of boots (melded)
Jewellery
 u - a ring of see invisible (left hand)
Wands
 c - a wand of digging (5)
 n - a wand of iceblast (7)
 s - a wand of mindburst (15)
 A - a wand of polymorph (13)
Scrolls
 f - 2 scrolls of fog
 g - 5 scrolls of teleportation
 i - 2 scrolls of poison
 m - 2 scrolls of silence
 v - a scroll of brand weapon
 y - a scroll of immolation
 K - 2 scrolls of enchant armour
Potions
 e - 2 potions of cancellation
 h - a potion of curing
 j - a potion of flight
 o - a potion of ambrosia
 q - 2 potions of mutation
 w - 2 potions of haste
 B - 2 potions of might


   Skills:
 - Level 6.0 Fighting
 * Level 18.5 Polearms
 - Level 6.0 Armour
 - Level 6.0 Dodging
 + Level 5.4 Evocations


You had 10 spell levels left.
You didn't know any spells.
Your spell library was empty.

Dungeon Overview and Level Annotations

Branches:
Dungeon (11/15)            Temple (0/1) D:4            Lair (0/5) D:11
    Orc (0/2) D:10

Altars:
Ashenzari
Dithmenos
Fedhas
Gozag
Kikubaaqudgha
Nemelex Xobeh
Ru
Trog
Uskayaw
Vehumet
Xom

Shops:
D:7 [


Innate Abilities, Weirdness & Mutations

You are very nimble when in or above water. (Stealth+, EV+, Speed+++)
Your lower body shifts to a powerful aquatic tail in water.


Message History

The electric eel shoots out a bolt of lightning at you!
The bolt of electricity hits you but does no damage.
The wolf bites you but does no damage.
You hit the electric eel.
The electric eel is lightly wounded.
The wolf misses you.
The electric eel shoots out a bolt of lightning at you!
The bolt of electricity hits you.
The electric eel shoots out a bolt of lightning at you!
The bolt of electricity hits you. The wolf bites you but does no damage.
Your legs become a tail as you enter the water.
Your +0 pair of boots melds into your body.
Found 13 gold pieces.
The electric eel shoots out a bolt of lightning at you!
The bolt of electricity hits you! The wolf bites you but does no damage.
The electric eel shoots out a bolt of lightning at you!
The bolt of electricity hits you.
You closely miss the electric eel. The wolf bites you but does no damage.
The wolf barely misses you.
You closely miss the electric eel. The wolf closely misses you. x2
The electric eel shoots out a bolt of lightning at you!
The bolt of electricity hits you!
* * * LOW HITPOINT WARNING * * *
The electric eel shoots out a bolt of lightning at you!
The bolt of electricity hits you.
* * * LOW HITPOINT WARNING * * *
You fade into invisibility!
The wolf barely misses you. The wolf bites you but does no damage.
The wolf closely misses you.
The electric eel shoots out a bolt of lightning at you!
The bolt of electricity hits you.
* * * LOW HITPOINT WARNING * * *
You hit the electric eel.
The electric eel is lightly wounded.
The wolf bites you.
* * * LOW HITPOINT WARNING * * *
The wolf closely misses you.
The electric eel shoots out a bolt of lightning at you!
The bolt of electricity hits you.
You die...

#######............!.≈~≈~~
##.......~....~~~~≈≈
##.....~[..~~≈≈≈≈~≈
##.....≈~.≈≈~≈≈≈≈≈
#....~≈≈≈.≈~≈≈≈~~
#...~~~≈≈~.~~~.~.
.....~≈~~~~~.....~
####...$..h....!>..
#...~~@S≈~.....≈
#.....~S≈~...~..
....~~≈≈≈≈~≈~~.~~
.....~≈~≈~≈~≈~~≈~
.......≈~..~~.~≈~
......~.......~.~
.............≈..
....$...#######


You could see a wolf and 2 electric eels.

Vanquished Creatures
  Erica (D:8)
  A two-headed ogre (D:9)
  Pikel (D:6)
  Maggie (D:7)
  A troll (D:11)
  A queen bee (D:9)
  Prince Ribbit (D:6)
  3 hornets
  A shadow (D:11)
  Sigmund (D:2)
  Eustachio (D:6)
  A wraith (D:11)
  7 yaks
  A steam dragon (D:6)
  3 wargs (D:10)
  2 acid dragons
  A water moccasin (D:5)
  5 orc warriors
  An ice beast (D:6)
  2 sky beasts (D:7)
  A wolf (D:11)
  3 centaurs
  A lemure (D:5)
  Blork the orc (D:4)
  11 kobold brigands
  2 necrophages (D:6)
  5 bullfrogs
  5 scorpions
  9 wights
  14 killer bees
  5 howler monkeys
  7 hounds
  2 orc priests
  2 gnoll boudas (D:6)
  Crazy Yiuf (D:3)
  3 jellies
  Terence (D:3)
  Jessica (D:3)
  2 iguanas
  10 orc wizards
  Robin (D:2)
  3 gnolls
  6 adders
  3 shadow imps
  3 white imps
  A worm (D:3)
  3 dart slugs
  32 orcs
  7 endoplasms
  2 giant cockroaches
  10 goblins
  6 hobgoblins
  4 jackals (D:2)
  6 quokkas
  5 ball pythons
  7 bats
  4 frilled lizards
  15 kobolds
  30 rats
270 creatures vanquished.

Vanquished Creatures (collateral kills)
  A kobold demonologist (D:10)
  5 kobold brigands (D:10)
  3 kobolds (D:10)
9 creatures vanquished.

Vanquished Creatures (others)
  A scorpion (D:6)
  12 plants (D:9)
13 creatures vanquished.

Grand Total: 292 creatures vanquished

Notes
Turn   | Place    | Note
-------+----------+-------------------------------------------
     0 | D:1      | jejorda2 the Merfolk Berserker began the quest for the Orb.
     0 | D:1      | Reached XP level 1. HP: 18/18 MP: 1/1
    96 | D:1      | Reached XP level 2. HP: 18/24 MP: 2/2
   213 | D:1      | You fall into a shaft and drop 1 floor!
   222 | D:2      | Noticed Robin
   453 | D:1      | Reached XP level 3. HP: 29/29 MP: 3/3
   654 | D:2      | Reached skill level 5 in Polearms
   734 | D:2      | Reached ** piety under Trog
   819 | D:2      | Found a blossoming altar of Fedhas.
   842 | D:2      | Noticed Sigmund
   851 | D:2      | Killed Sigmund
   852 | D:2      | Reached skill level 6 in Polearms
   852 | D:2      | Reached XP level 4. HP: 38/38 MP: 4/4
   852 | D:2      | Reached XP level 5. HP: 43/43 MP: 5/5
  1024 | D:2      | Killed Robin
  1025 | D:2      | Reached XP level 6. HP: 42/49 MP: 6/6
  1495 | D:3      | Noticed Jessica
  1500 | D:3      | Killed Jessica
  1500 | D:3      | Reached *** piety under Trog
  1501 | D:3      | Reached skill level 7 in Polearms
  1603 | D:3      | Noticed Terence
  1611 | D:3      | Killed Terence
  1758 | D:3      | Found a runed translucent door.
  1759 | D:3      | Noticed Crazy Yiuf
  1764 | D:3      | Killed Crazy Yiuf
  1765 | D:3      | Reached skill level 5 in Dodging
  2162 | D:4      | Found a shimmering altar of Xom.
  2231 | D:4      | Reached skill level 5 in Fighting
  2241 | D:4      | Found a staircase to the Ecumenical Temple.
  2321 | D:4      | Noticed Blork the orc
  2329 | D:4      | Killed Blork the orc
  2330 | D:4      | Reached XP level 7. HP: 37/56 MP: 7/7
  2502 | D:4      | Reached skill level 8 in Polearms
  3114 | D:5      | Entered Level 5 of the Dungeon
  3701 | D:5      | Reached skill level 9 in Polearms
  3701 | D:5      | Reached XP level 8. HP: 41/64 MP: 8/8
  4115 | D:6      | Noticed Eustachio
  4127 | D:7      | Reached skill level 10 in Polearms
  4271 | D:6      | Killed Eustachio
  4382 | D:6      | Found a blossoming altar of Fedhas.
  4385 | D:6      | Found a sparkling altar of Nemelex Xobeh.
  4392 | D:6      | Reached skill level 11 in Polearms
  4481 | D:6      | Noticed Pikel
  4576 | D:6      | Reached XP level 9. HP: 55/69 MP: 9/9
  4609 | D:6      | Killed Pikel
  4610 | D:6      | Reached skill level 12 in Polearms
  4895 | D:6      | Reached skill level 13 in Polearms
  4962 | D:6      | Noticed Prince Ribbit
  4981 | D:6      | Killed Prince Ribbit
  5001 | D:6      | You fall into a shaft and drop 1 floor!
  5507 | D:7      | Reached skill level 14 in Polearms
  5512 | D:7      | Reached **** piety under Trog
  5513 | D:7      | Reached XP level 10. HP: 40/76 MP: 10/10
  5519 | D:7      | Reached skill level 5 in Armour
  5663 | D:7      | Found Violizado's Armour Shop.
  5753 | D:7      | Bought a +0 pair of boots for 72 gold pieces
  5845 | D:7      | Noticed Maggie
  5855 | D:7      | Killed Maggie
  6028 | D:7      | Found a sacrificial altar of Ru.
  6299 | D:8      | Identified the +8 falchion "Butiguup" {venom, Fly rF+++
                  | Str-5 Int+3}
  6407 | D:8      | Reached skill level 15 in Polearms
  6481 | D:8      | Found a shadowy altar of Dithmenos.
  6666 | D:8      | Noticed Erica
  6678 | D:8      | Killed Erica
  6748 | D:8      | Found an opulent altar of Gozag.
  6858 | D:8      | Found a bloodstained altar of Trog.
  6859 | D:8      | Found a hide-covered altar of Uskayaw.
  7018 | D:9      | Reached skill level 16 in Polearms
  7018 | D:9      | Reached skill level 1 in Evocations
  7226 | D:9      | Reached XP level 11. HP: 81/81 MP: 11/11
  7376 | D:9      | Reached skill level 17 in Polearms
  7470 | D:9      | Noticed a two-headed ogre
  7474 | D:9      | Killed a two-headed ogre
  7807 | D:10     | Entered Level 10 of the Dungeon
  8213 | D:10     | Found an ancient bone altar of Kikubaaqudgha.
  8520 | D:10     | HP: 4/81 [kobold brigand/+0 short sword (1)]
  8633 | D:10     | Reached skill level 18 in Polearms
  8677 | D:10     | Found a radiant altar of Vehumet.
  8715 | D:10     | Found a staircase to the Orcish Mines.
  8730 | D:10     | Reached skill level 5 in Evocations
  8904 | D:10     | Found a broken altar of Ashenzari.
  9425 | D:11     | Found a staircase to the Lair.
  9460 | D:11     | Killed from afar by an electric eel

Illustrated notes

Levels and vault maps discovered:
D:1:      spicycebolla_arrival_risky_transporter, layout_rooms,
          minmay_misc_feat_room, minmay_ruptured
D:2:      layout_basic, basic_altar, kennysheep_another_room, uniq_robin,
          uniq_sigmund
D:3:      layout_basic, minmay_rat_hole, uniq_crazy_yiuf_cottage, uniq_terence,
          uniq_jessica
D:4:      layout_cave_pods, mainiacjoe_overflow_chevrons,
          minmay_temple_entry_waves, uniq_blork_the_orc
D:5:      layout_rooms
D:6:      layout_rooms, nicolae_overflow_squiral, minmay_joined_circles,
          uniq_prince_ribbit1, uniq_eustachio, uniq_pikel
D:7:      layout_loops_ring, nicolae_ru_great_annihilating_truth, serial_shops,
          nicolae_inconvenience_store, kennysheep_nondescript, uniq_maggie
D:8:      layout_rooms, grunt_dithmenos_smoke, gammafunk_temple_overflow_pools,
          lemuel_coloured_pillars_altar, uniq_erica
D:9:      layout_roguey, chequers_serial_rivers_micro_e,
          nicolae_looking_at_the_future
D:10:     layout_grid_maze, mainiacjoe_overflow_six_doors_small,
          mainiacjoe_overflow_small_starburst, ashenzari_conservatory_becter,
          minmay_orc_entry_guard_dogs, special_room [special_room_kobold]
D:11:     layout_basic, erik_lair_island

Skill      XL: |  1  2  3  4  5  6  7  8  9 10 11 |
---------------+----------------------------------+-----
Dodging        | 3 4 5 6 |  6.0
Polearms       | 6 7 9 11 14 16 18 | 18.5
Fighting       | 4 5 6 |  6.0
Armour         | 3 4 6 |  6.0
Evocations     | 2 5 |  5.4

Action                   |  1- 3 |  4- 6 |  7- 9 | 10-12 || total
-------------------------+-------+-------+-------+-------++-------
Melee: Spear             |    94 |     6 |       |       ||   100
       Halberd           |       |   160 |   258 |    26 ||   444
       Glaive            |       |       |       |   403 ||   403
Throw: Dart              |     2 |     7 |     7 |     1 ||    17
       Throwing net      |       |       |     1 |       ||     1
       Stone             |       |       |       |    19 ||    19
Invok: Berserk           |     3 |     1 |     6 |     8 ||    18
       Trog's Hand       |     1 |       |     3 |     7 ||    11
       Brothers in Arms  |       |       |       |     1 ||     1
Evoke: Wand              |       |       |     2 |     2 ||     4
  Use: Scroll            |       |       |    14 |     8 ||    22
       Potion            |       |       |     2 |     4 ||     6
 Stab: Sleeping          |     1 |       |       |       ||     1
       Paralysed         |       |       |       |     2 ||     2
Armor: Animal skin       |     9 |       |       |       ||     9
       Ring mail         |     5 |    31 |       |       ||    36
       Chain mail        |       |    12 |   124 |       ||   136
       Scale mail        |       |     2 |       |       ||     2
       Plate armour      |       |       |     8 |   264 ||   272
Dodge: Dodged            |    45 |    66 |   118 |   145 ||   374
Block: Buckler           |     7 |     1 |       |       ||     8

Table legend: (Time is in decaauts)
 A = Elapsed time spent in this place.
 B = Non-inter-level travel time spent in this place.
 C = Inter-level travel time spent in this place.
 D = Time resting spent in this place.
 E = Time spent auto-exploring this place.
 F = Levels seen in this place.
 G = Mean time per level.
                   A        B        C        D        E       F      G
               +--------+--------+--------+--------+--------+-----+--------+
         Total |   9560 |   9173 |    387 |    902 |   6381 |  11 |  869.1 |
       Dungeon |   9560 |   9173 |    387 |    902 |   6381 |  11 |  869.1 |
               +--------+--------+--------+--------+--------+-----+--------+

Top non-repeatable levels by time:
    D:10: 1466 daAuts
     D:7: 1170 daAuts
     D:5: 1107 daAuts
     D:4: 958 daAuts
     D:3: 904 daAuts
     D:6: 889 daAuts
     D:9: 883 daAuts
     D:2: 686 daAuts
     D:8: 681 daAuts
     D:1: 624 daAuts
    D:11: 186 daAuts
